 Dungeon Crawl Stone Soup version 0.31-a0-233-g139696dc86 (webtiles) character file.

Game seed: 14653047092697725993

683 qw the Skirmisher (level 7, -1/57 (60) HPs)
             Began as a Minotaur Hexslinger on July 8, 2023.
             Slain by a wight
             ... wielding a +3 dagger of freezing
              (2 damage)
             ... on level 7 of the Dungeon.
             The game lasted 00:01:36 (4371 turns).

qw the Skirmisher (Minotaur Hexslinger)             Turns: 4371, Time: 00:01:37

HP:   -1/57 (60)    AC:  6    Str: 18    XL:     7   Next: 35%
MP:   7/7           EV: 11    Int: 10    God:
Gold: 21            SH:  0    Dex: 15    Spells: 7/8 levels left

rFire   . . .        Y - +3 sling
rCold   . . .        (no shield)
rNeg    . . .        g - +0 ring mail
rPois   .            (helmet restricted)
rElec   .            a - +0 cloak
rCorr   .            (no gloves)
SInv    .            (no boots)
Will    .....        (no amulet)
Stlth   +            b - +6 ring of strength
HPRegen 0.29/turn    (no ring)
MPRegen 0.10/turn

%: no passive effects
@: drained
A: horns 2, retaliatory headbutt
a: no special abilities


You were on level 7 of the Dungeon.
You visited 2 branches of the dungeon, and saw 7 of its levels.

You collected 219 gold pieces.
You spent 198 gold pieces at shops.


Innate Abilities, Weirdness & Mutations

You have a pair of horns on your head.
You reflexively headbutt those who attack you in melee.


   Skills:
 + Level 4.5 Fighting
 - Level 8.0 Ranged Weapons
 - Level 1.1 Armour
 - Level 2.1 Dodging
 - Level 1.0 Spellcasting
 - Level 2.0 Hexes


You had 7 spell levels left.
You knew the following spells:

 Your Spells              Type           Power      Damage    Failure   Level
a - Slow                  Hex            16%        N/A       26%         1

Your spell library contained the following spells:

 Spells                   Type           Power      Damage    Failure   Level
 Inner Flame              Hex/Fire       2%         N/A       77%         3
 Portal Projectile        Hex/Tloc       4%         N/A       77%         3
 Cause Fear               Hex            2%         N/A       95%         4

Inventory:

Hand Weapons
 Y - a +3 sling (weapon)
Armour
 a - a +0 cloak (worn)
 d - a +0 pair of gloves
 g - a +0 ring mail (worn)
Jewellery
 b - a +6 ring of strength (left hand)
Scrolls
 e - a scroll of fog {unknown}
 h - 4 scrolls of identify
 l - a scroll of vulnerability {unknown}
Potions
 c - a potion of degeneration {unknown}
 f - a potion of cancellation {unknown}
 i - a potion of magic {unknown}
 j - a potion of might
 k - 2 potions of mutation {unknown}

Dungeon Overview and Level Annotations

Branches:
Dungeon (5/15)             Temple (1/1) D:4

Altars:
Ashenzari
Dithmenos
Elyvilon
Gozag
Kikubaaqudgha
Makhleb
Nemelex Xobeh
Qazlal
Ru
Sif Muna
Trog
Wu Jian
Xom
Yredelemnul
Zin
The Shining One

Shops:
D:5 ??**?


Message History

The wight is severely damaged.
You shoot a sling bullet.
The sling bullet hits the wight but does no damage.
The wight is severely damaged.
The wight barely misses you.
You shoot a sling bullet.
The sling bullet hits the wight but does no damage.
The wight is severely damaged.
The wight hits you with a +0 morningstar!
You feel drained.
The wight hits you with a +2 mace of freezing.
You feel drained. The wight freezes you.
You shoot a sling bullet.
The sling bullet hits the wight but does no damage.
The wight is severely damaged.
The wight hits you with a +2 mace of freezing.
You feel drained. The wight freezes you.
The wight hits you with a +0 morningstar.
You shoot a sling bullet. The sling bullet hits the wight.
The wight is almost destroyed.
The wight barely misses you. You furiously retaliate!
You headbutt the wight! The wight barely misses you. You furiously retaliate!
You headbutt the wight!
You destroy the wight!
You shoot a sling bullet. The sling bullet hits the wight!
You destroy the wight!
Your Ranged Weapons skill increases to level 8!
You shoot a sling bullet. The sling bullet hits the wight.
The wight is moderately damaged.
The wight hits you with a +3 dagger of freezing.
The wight freezes you. The wight hits you with a +4 flail.
You shoot a sling bullet.
The sling bullet barely misses the wight.
The wight barely misses you.
The wight hits you with a +3 dagger of freezing!
You feel drained. The wight freezes you.
You shoot a sling bullet.
The sling bullet closely misses the wight.
The wight hits you with a +3 dagger of freezing!
The wight freezes you.
You die...

### ##_##
#...#
####'####
#####.#...#.##
#.....zz}.'._#
#@..#.##
##'#### #...#
##_## ###


You could see 2 wights.

Vanquished Creatures
  An ice beast (D:5)
  An ogre (D:5)
  A scorpion (D:4)
  2 wights (D:7)
  2 hounds
  An iguana (D:5)
  Terence (D:3)
  An orc wizard (D:3)
  Robin (D:4)
  5 gnolls
  3 adders
  A white imp (D:5)
  A worm (D:4)
  A dart slug (D:2)
  10 orcs
  5 ball pythons
  5 bats
  2 endoplasms
  2 giant cockroaches
  11 goblins
  10 hobgoblins
  17 jackals
  5 quokkas
  5 frilled lizards
  7 kobolds
  7 rats
108 creatures vanquished.

Notes
Turn   | Place    | Note
-------+----------+-------------------------------------------
     0 | D:1      | qw the Minotaur Hexslinger began the quest for the Orb.
     0 | D:1      | Reached XP level 1. HP: 16/16 MP: 1/1
     0 | D:1      | 0 ||| qw: Version: 0.3-a-46-gb1f654a
     0 | D:1      | 0 ||| qw: Game counter: 3661
     0 | D:1      | 0 ||| qw: Melee chars always use a shield: true
     0 | D:1      | 0 ||| qw: God list: Okawaru
     0 | D:1      | 0 ||| qw: Allow faded altars: false
     0 | D:1      | 0 ||| qw: Do Orc after clearing Dungeon:15 true
     0 | D:1      | 0 ||| qw: Do second Lair branch before Depths: true
     0 | D:1      | 0 ||| qw: Lair rune preference: random
     0 | D:1      | 0 ||| qw: Goals: Normal
     0 | D:1      | 0 ||| PLANNING D:1-11
    43 | D:1      | Reached skill level 3 in Ranged Weapons
    43 | D:1      | Reached XP level 2. HP: 23/23 MP: 2/2
   420 | D:1      | Reached XP level 3. HP: 29/29 MP: 3/3
   755 | D:1      | 755 ||| UPGRADING to +0 ring mail.
   765 | D:1      | 765 ||| DROPPING +0 robe.
   766 | D:1      | 766 ||| READING scroll labelled BALLYMEROH.
   770 | D:1      | 770 ||| READING 2 scrolls labelled LEITHR DICOMP.
   771 | D:1      | 771 ||| READING scroll labelled WIOSKA OZYTS.
   772 | D:1      | 772 ||| READING 2 scrolls labelled TYOLEHAKHLI.
   773 | D:1      | 773 ||| DROPPING scroll of poison.
   774 | D:1      | 774 ||| DROPPING scroll of summoning.
   796 | D:2      | Reached skill level 4 in Ranged Weapons
   986 | D:2      | Reached skill level 1 in Armour
  1181 | D:2      | 1181 ||| Stepping ~*~*~tactically~*~*~ (water).
  1187 | D:2      | Reached XP level 4. HP: 27/36 MP: 4/4
  1258 | D:2      | 1258 ||| Stepping ~*~*~tactically~*~*~ (water).
  1426 | D:2      | 1426 ||| UPGRADING to +0 cloak.
  1431 | D:2      | 1431 ||| DRINKING 2 clear potions.
  1608 | D:3      | Found a basalt altar of Yredelemnul.
  1732 | D:3      | Reached skill level 5 in Ranged Weapons
  1882 | D:3      | Noticed Terence
  1897 | D:3      | Killed Terence
  2066 | D:3      | Reached XP level 5. HP: 44/44 MP: 5/5
  2276 | D:3      | Reached skill level 3 in Fighting
  2276 | D:3      | 2276 ||| Stepping ~*~*~tactically~*~*~ (outnumbered).
  2286 | D:3      | 2286 ||| Stepping ~*~*~tactically~*~*~ (outnumbered).
  2744 | D:3      | Found a bloodstained altar of Trog.
  2807 | D:3      | 2807 ||| DROPPING amulet of magic regeneration.
  2808 | D:3      | 2808 ||| READING scroll labelled YPOAHAQOVO.
  2809 | D:3      | 2809 ||| READING scroll labelled GIZUVEA UK GOIMN.
  2810 | D:3      | 2810 ||| READING 2 scrolls of identify.
  2810 | D:3      | 2810 ||| IDENTIFYING sedimented clear potion
  2811 | D:3      | 2811 ||| DROPPING potion of lignification.
  2950 | D:4      | Found a staircase to the Ecumenical Temple.
  2951 | D:4      | 2951 ||| PLANNING TEMPLE
  2952 | D:4      | 2952 ||| READING 3 scrolls labelled PYNOUS HAJ.
  2953 | D:4      | 2953 ||| DROPPING 2 scrolls of immolation.
  2962 | Temple   | Entered the Ecumenical Temple
  2963 | Temple   | 2963 ||| PLANNING D:1-11
  2994 | D:4      | Reached skill level 6 in Ranged Weapons
  3001 | D:4      | Noticed Robin
  3014 | D:4      | Killed Robin
  3183 | D:4      | Reached XP level 6. HP: 52/52 MP: 6/6
  3222 | D:4      | 3222 ||| READING scroll of enchant weapon.
  3222 | D:4      | 3222 ||| ENCHANTING +2 sling.
  3672 | D:4      | 3672 ||| UPGRADING to +6 ring of strength.
  3673 | D:4      | 3673 ||| READING scroll labelled GIKITS JIOMEMY.
  3810 | D:5      | Entered Level 5 of the Dungeon
  3810 | D:5      | Found Muzas's Assorted Antiques.
  3812 | D:5      | 3812 ||| BUYING pair of gloves (90 gold).
  3812 | D:5      | Bought a pair of gloves for 90 gold pieces
  3812 | D:5      | 3812 ||| BUYING scroll labelled TEEG ETEEWN (20 gold).
  3812 | D:5      | Bought a scroll labelled TEEG ETEEWN for 20 gold pieces
  3812 | D:5      | 3812 ||| SHOPLISTING square filigree amulet (100 gold, have
                  | 93).
  3812 | D:5      | 3812 ||| BUYING yellow potion (18 gold).
  3812 | D:5      | Bought a yellow potion for 18 gold pieces
  3812 | D:5      | 3812 ||| BUYING yellow potion (18 gold).
  3812 | D:5      | Bought a yellow potion for 18 gold pieces
  3834 | D:5      | Found Ohunlusy's Magic Scroll Shoppe.
  3837 | D:5      | 3837 ||| BUYING scroll of identify (26 gold).
  3837 | D:5      | Bought a scroll of identify for 26 gold pieces
  3837 | D:5      | 3837 ||| BUYING scroll of identify (26 gold).
  3837 | D:5      | Bought a scroll of identify for 26 gold pieces
  3837 | D:5      | 3837 ||| SHOPLISTING scroll of teleportation (39 gold, have
                  | 5).
  3919 | D:5      | Found Quwubleg's General Store.
  3922 | D:5      | Noticed an ice beast
  3934 | D:5      | Killed an ice beast
  4019 | D:5      | 4019 ||| SHOPLISTING potion of curing (45 gold, have 21).
  4019 | D:5      | 4019 ||| SHOPLISTING potion of heal wounds (75 gold, have
                  | 21).
  4019 | D:5      | 4019 ||| SHOPLISTING scroll of identify (30 gold, have 21).
  4022 | D:5      | Found Fyerghei's Magic Scroll Emporium.
  4132 | D:5      | Found Qikhui's Magic Scroll Shop.
  4200 | D:5      | 4200 ||| SHOPLISTING 2 scrolls of teleportation (72 gold,
                  | have 21).
  4200 | D:5      | 4200 ||| SHOPLISTING scroll of enchant weapon (90 gold,
                  | have 21).
  4200 | D:5      | 4200 ||| SHOPLISTING scroll of identify (24 gold, have 21).
  4203 | D:5      | 4203 ||| SHOPLISTING scroll of enchant weapon (105 gold,
                  | have 21).
  4203 | D:5      | 4203 ||| SHOPLISTING scroll of identify (28 gold, have 21).
  4203 | D:5      | 4203 ||| SHOPLISTING scroll of teleportation (42 gold, have
                  | 21).
  4223 | D:5      | Reached skill level 7 in Ranged Weapons
  4223 | D:5      | Reached XP level 7. HP: 46/60 MP: 7/7
  4346 | D:5      | Found a broken altar of Ashenzari.
  4348 | D:5      | You fall into a shaft and drop 2 floors!
  4350 | D:7      | Found an ornate altar of the Wu Jian Council.
  4353 | D:7      | Found a burning altar of Makhleb.
  4357 | D:7      | Found a glowing silver altar of Zin.
  4369 | D:7      | Reached skill level 8 in Ranged Weapons
  4370 | D:7      | HP: 12/59 [wight/+3 dagger of freezing (7)]
  4371 | D:7      | HP: 1/57 [wight/+3 dagger of freezing (8)]
  4371 | D:7      | Slain by a wight

Levels and vault maps discovered:
D:1:      wander_arrival_estate, layout_basic
D:2:      wad_lake_hut, layout_basic
D:3:      layout_basic, trog_butcher_becter, mainiacjoe_overflow_24_doors,
          uniq_terence
D:4:      layout_cave_pools, minmay_temple_entry_waves, serial_column_ruins,
          column_ruins_grid_5, column_ruins_open_medium,
          column_ruins_columns_straight, column_ruins_grid_3,
          column_ruins_open_small, column_ruins_grid_1, column_ruins_open_tiny,
          column_ruins_grid_3, nicolae_figureground_sparkle, uniq_robin
D:5:      layout_basic, marbit_many_paths, serial_shops, shop, shop,
          kennysheep_mini_moat, shop, shop
D:7:      kennysheep_steamy, layout_basic, fiery_altar_vehumet,
          grunt_temple_overflow_diamond, slow_altar_2, hex_large, uniq_maggie,
          uniq_menkaure
Temple:   hellmonk_temple_micro_hex

Skill      XL: |  1  2  3  4  5  6  7 |
---------------+----------------------+-----
Ranged Weapons | 3 4 5 6 7 8 |  8.0
Fighting       | 2 3 4 |  4.5
Armour         | 1 |  1.1
Dodging        | |  2.1
Spellcasting   | |  1.0
Hexes          | |  2.0

Action                     |  1- 3 |  4- 6 |  7- 9 || total
---------------------------+-------+-------+-------++-------
   Fire: Sling             |   116 |   233 |    19 ||   368
    Use: Scroll            |     4 |     6 |       ||    10
         Potion            |       |     1 |       ||     1
 Armour: Robe              |     6 |       |       ||     6
         Ring mail         |     8 |    56 |     2 ||    66
  Dodge: Dodged            |    48 |   105 |     4 ||   157

Table legend:
 A = Non-vault XP
 B = Vault XP
 C = Vault XP percentage of total XP
 D = Non-vault monster count
 E = Vault monster count
 F = Vault count percentage of total count
                 A         B        C        D         E       F
            +---------+---------+-------+---------+---------+-------
      Total |     857 |     119 |  12.2 |      91 |      17 |  15.7
            +---------+---------+-------+---------+---------+-------
        D:1 |      56 |       0 |   0.0 |      23 |       0 |   0.0
        D:2 |      45 |       0 |   0.0 |      18 |       0 |   0.0
        D:3 |     122 |      43 |  26.1 |      21 |       5 |  19.2
        D:4 |     187 |      34 |  15.4 |      22 |      11 |  33.3
        D:5 |     305 |      42 |  12.1 |       5 |       1 |  16.7
        D:7 |     142 |       0 |   0.0 |       2 |       0 |   0.0
            +---------+---------+-------+---------+---------+-------
